Pick #1

Connor Bedard
Pick #2

Leo Carlsson
Pick #3

Adam Fantilli
Pick #4

Matvei Michkov
Pick #5

David Reinbacher
Pick #6

William Smith
Pick #7

Zachary Benson
Pick #8

Ryan Leonard
Pick #9

Gabriel Perreault
Pick #10

Axel Sandin-Pellika
Pick #11

Daniil But
Pick #12

Dalibor Dvorsky
Pick #13

Quentin Musty
Pick #14

Brayden Yager
Pick #15

Dmitry Simashev
Pick #16

Colby Barlow
Pick #17

Andrew Cristall
Pick #18

Easton Cowan
Pick #19

Jacob Fowler
Pick #20

Oliver Moore
Pick #21

Oliver Bonk
Pick #22

Tom Willander
Pick #23

Calum Ritchie
Pick #24

Tanner Molendyk
Pick #25

Gavin Brindley
Pick #26

Nate Danielson
Pick #27

Pick #28

Pick #29

Pick #30

Pick #31

Pick #32

Pick #33

Pick #34

Pick #35

Pick #36

Pick #37

Pick #38

Pick #39

Pick #40

Pick #41

Pick #42

Pick #43

Pick #44

Pick #45

Pick #46

Pick #47

Pick #48

Pick #49

Pick #50

Pick #51

Pick #52

Pick #53

Pick #54

Pick #55

Pick #56

Pick #57

Pick #58

Pick #59

Pick #60

Pick #61

Pick #62

Pick #63

Pick #64

Pick #65

Pick #66

Pick #67

Pick #68

Pick #69

Pick #70

Pick #71

Pick #72

Pick #73

Pick #74

Pick #75

Pick #76

Pick #77

Pick #78

Pick #79

Pick #80

Pick #81

Pick #82

Pick #83

Pick #84

Pick #85

Pick #86

Pick #87

Pick #88

Pick #89

Pick #90

Pick #91

Pick #92

Pick #93

Pick #94

Pick #95

Pick #96

Pick #97

Pick #98

Pick #99

Pick #100

Pick #101

Pick #102

Pick #103

Pick #104

Pick #105

Pick #106

Pick #107

Pick #108

Pick #109

Pick #110

Pick #111

Pick #112

Pick #113

Pick #114

Pick #115

Pick #116

Pick #117

Pick #118

Pick #119

Pick #120

Pick #121

Pick #122

Pick #123

Pick #124

Pick #125

Pick #126

Pick #127

Pick #128

Pick #129

Pick #130

Full Scoreboard »»

Flyers vs Penguins

Created - February 22, 2024 at 23:04

Goals
1 2 3 T
Flyers 1 1 0 2
Penguins 0 0 0 0
Shots
1 2 3 T
Flyers 6 8 13 27
Penguins 9 6 7 22

GoalsPenalties
1st period
1. Flyers , Robert Thomas 22 (William Nylander 25, Jake DeBrusk 12) at 16:03
Victor Hedman (PHI) for Elbowing (Minor) at 0:06
Matt Roy (PIT) for Hooking (Minor) at 19:19
2nd period
2. Flyers , Victor Hedman 12 (Robert Thomas 31, Linus Ullmark) at 18:13 (PP)
Chris Tanev (PHI) for Tripping (Minor) at 3:37
Henri Jokiharju (PIT) for Hooking (Minor) at 6:11
Aliaksei Protas (PIT) for Roughing (Minor) at 16:51
3rd period
No Goal
Oskar Lindblom (PIT) for Roughing (Minor) at 7:03
Goalie Stats
Linus Ullmark (PHI), 22 saves from 22 shots - (1.000), W, 35-16-4, 60:00 minutes
Thatcher Demko (PIT), 25 saves from 27 shots - (0.926), L, 15-11-4, 60:00 minutes
3 StarsOfficial
1 - Linus Ullmark (PHI)
2 - Robert Thomas (PHI)
3 - Jake DeBrusk (PHI)
Referees : Mitch Dunning and Brett Roeland
Linesman : Steven Walsh and Kyle Larson
Game Note
No Game Note
Finance
Level 1 -- Attendance: 5808 (89.35%) -- Ticket Income $696,960
Level 2 -- Attendance: 4451 (89.02%) -- Ticket Income $378,335
Level 3 -- Attendance: 3087 (88.20%) -- Ticket Income $200,655
Level 4 -- Attendance: 2387 (100.00%) -- Ticket Income $107,415
Luxury Box -- Attendance: 1000 (100.00%) -- Ticket Income $225,000
Game was played at the Consol Energy Center.
Total Attendance: 16733 (91.00%)
Total Ticket Income: $1,608,365
Other Income: $402,091
Total Income: $2,010,456



Team Name Goals Shots Shots Attemp Shots Blocked PIM HIT PP PK FO%
Flyers 2274694201 / 4 (25%)061%
Penguins 0224868190 / 2 (0%)139%

Flyers
Player Name POS G A P +/- PIM HIT SHT SB MP PP MP PP SHT PK MP PK SHT FO% FOT
Aaron EkbladD0000013222:032:3432:4800% 0
Alex PietrangeloD0000020224:232:3402:0600% 0
Brandon TanevLW0000011012:240:0002:1110% 2
Calle JarnkrokC000000006:290:0000:00050% 8
Chris TanevD0001220012:400:0000:2200% 0
Dante FabbroD0001010112:190:0000:0000% 0
Eetu LuostarinenC0000000110:130:0000:00050% 8
Eric StaalC000000006:290:0000:000100% 1
Jake DeBruskLW0111031017:432:5600:00050% 2
Jared McCannLW0000024021:374:2330:000100% 1
Joel FarabeeLW0000002013:092:5610:000100% 1
Johnny GaudreauLW0000035021:374:2310:0000% 0
Mika ZibanejadC0000003023:244:2301:47071% 28
Robert ThomasC1121001019:542:5602:11061% 36
Sam LaffertyC000001006:290:0000:000100% 1
Victor HedmanD1010223225:154:4520:4800% 0
Vince DunnD0000000118:330:0001:5200% 0
William NylanderRW0111024021:194:4521:4700% 2
Penguins
Player Name POS G A P +/- PIM HIT SHT SB MP PP MP PP SHT PK MP PK SHT FO% FOT
Aliaksei ProtasC0000212012:270:0000:00077% 13
Cole CaufieldRW0000011017:132:1300:0000% 1
Devon ToewsD0000010123:392:1304:0100% 0
Henri JokiharjuD0000211014:560:0000:0000% 0
Jeff PetryD000-1002221:241:4523:1800% 0
Julien GauthierRW000001004:010:0000:0000% 0
Justin FaulkD0000022223:392:1314:0100% 0
Kevin FialaLW0000003026:492:1305:35150% 2
Logan O'ConnorRW0000022018:130:0005:45033% 15
Mathew DumbaD000-1000021:241:4503:1800% 0
Matt RoyD0000240114:560:0000:0000% 0
Nick SuzukiC0000004017:212:1330:08041% 22
Oskar LindblomLW000-1241020:121:4501:140100% 1
Phil KesselRW000-1012018:591:4500:0000% 1
Rem PitlickC000000004:010:0000:00025% 4
Rudolfs BalcersLW0000001012:280:0000:00067% 3
Ryan PoehlingC000000000:000:0000:0000% 0
Seth JarvisC000-1011020:551:4501:56021% 28



Play-by-Play

1st period


0:01 of 1st period - Nick Suzuki wins face-off versus Mika Zibanejad in neutral zone.
0:01 of 1st period - Kevin Fiala is hit by Johnny Gaudreau and loses puck.
0:05 of 1st period - Justin Faulk is hit by Alex Pietrangelo and loses puck.
0:06 of 1st period - Minor Penalty to Victor Hedman for Elbowing.
0:07 of 1st period - Robert Thomas wins face-off versus Nick Suzuki in Flyers zone.
0:12 of 1st period - Shot by Nick Suzuki.
0:12 of 1st period - Stopped by Linus Ullmark with a rebound.
0:14 of 1st period - Shot by Nick Suzuki.
0:14 of 1st period - Stopped by Linus Ullmark without a rebound.
0:15 of 1st period - Seth Jarvis wins face-off versus William Nylander in Flyers zone.
0:32 of 1st period - Shot by Jeff Petry.
0:32 of 1st period - Stopped by Linus Ullmark without a rebound.
0:33 of 1st period - Robert Thomas wins face-off versus Nick Suzuki in Flyers zone.
1:06 of 1st period - Shot by Cole Caufield.
1:06 of 1st period - Shot Blocked by Alex Pietrangelo.
1:24 of 1st period - Icing by Devon Toews.
1:25 of 1st period - Robert Thomas wins face-off versus Nick Suzuki in Penguins zone.
1:26 of 1st period - Shot by Brandon Tanev.
1:26 of 1st period - Stopped by Thatcher Demko without a rebound.
1:27 of 1st period - Mika Zibanejad wins face-off versus Seth Jarvis in Penguins zone.
1:30 of 1st period - Shot by William Nylander.
1:30 of 1st period - Deflect By Mika Zibanejad.
1:30 of 1st period - Shot Misses the Net.
1:33 of 1st period - Icing by Phil Kessel.
1:34 of 1st period - Seth Jarvis wins face-off versus Brandon Tanev in Penguins zone.
1:53 of 1st period - Shot by Seth Jarvis.
1:53 of 1st period - Shot Misses the Net.
1:55 of 1st period - Shot by Jeff Petry.
1:55 of 1st period - Stopped by Linus Ullmark without a rebound.
1:56 of 1st period - Robert Thomas wins face-off versus Cole Caufield in Flyers zone.
3:34 of 1st period - Shot by Phil Kessel.
3:34 of 1st period - Stopped by Linus Ullmark without a rebound.
3:35 of 1st period - Nick Suzuki wins face-off versus Robert Thomas in Flyers zone.
4:17 of 1st period - Devon Toews is hit by Jake DeBrusk and loses puck.
5:19 of 1st period - Shot by Rudolfs Balcers.
5:19 of 1st period - Shot Blocked by Eetu Luostarinen.
5:37 of 1st period - Shot by Seth Jarvis.
5:37 of 1st period - Shot Blocked by Dante Fabbro.
5:39 of 1st period - Shot by Henri Jokiharju.
5:39 of 1st period - Stopped by Linus Ullmark without a rebound.
5:40 of 1st period - Calle Jarnkrok wins face-off versus Seth Jarvis in Flyers zone.
5:44 of 1st period - Icing by Aaron Ekblad.
5:45 of 1st period - Calle Jarnkrok wins face-off versus Seth Jarvis in Flyers zone.
6:10 of 1st period - Seth Jarvis is hit by Sam Lafferty and loses puck.
6:43 of 1st period - Icing by Nick Suzuki.
6:44 of 1st period - Nick Suzuki wins face-off versus Robert Thomas in Penguins zone.
7:08 of 1st period - Shot by Kevin Fiala.
7:08 of 1st period - Shot Misses the Net.
7:10 of 1st period - Shot by Justin Faulk.
7:10 of 1st period - Stopped by Linus Ullmark without a rebound.
7:11 of 1st period - Aliaksei Protas wins face-off versus Mika Zibanejad in Flyers zone.
7:26 of 1st period - Shot by Mika Zibanejad.
7:26 of 1st period - Stopped by Thatcher Demko without a rebound.
7:27 of 1st period - Robert Thomas wins face-off versus Kevin Fiala in Penguins zone.
7:34 of 1st period - Shot by Jake DeBrusk.
7:34 of 1st period - Shot Misses the Net.
7:48 of 1st period - Shot by Kevin Fiala.
7:48 of 1st period - Stopped by Linus Ullmark without a rebound.
7:49 of 1st period - Mika Zibanejad wins face-off versus Seth Jarvis in Flyers zone.
8:24 of 1st period - Shot by Seth Jarvis.
8:24 of 1st period - Shot Misses the Net.
9:11 of 1st period - Icing by Robert Thomas.
9:12 of 1st period - Robert Thomas wins face-off versus Nick Suzuki in Flyers zone.
9:34 of 1st period - Shot by William Nylander.
9:34 of 1st period - Shot Blocked by Justin Faulk.
9:37 of 1st period - Icing by Cole Caufield.
9:38 of 1st period - Eetu Luostarinen wins face-off versus Nick Suzuki in Penguins zone.
9:38 of 1st period - Brandon Tanev is hit by Justin Faulk and loses puck.
10:03 of 1st period - Shot by Kevin Fiala.
10:03 of 1st period - Shot Misses the Net.
10:45 of 1st period - Mika Zibanejad is hit by Logan O'Connor and loses puck.
11:10 of 1st period - Shot by Johnny Gaudreau.
11:10 of 1st period - Stopped by Thatcher Demko with a rebound.
11:12 of 1st period - Shot by Mika Zibanejad.
11:12 of 1st period - Shot Misses the Net.
11:14 of 1st period - Shot by Mika Zibanejad.
11:14 of 1st period - Stopped by Thatcher Demko without a rebound.
11:15 of 1st period - Seth Jarvis wins face-off versus Robert Thomas in Penguins zone.
11:37 of 1st period - Icing by Alex Pietrangelo.
11:38 of 1st period - Rem Pitlick wins face-off versus Robert Thomas in Flyers zone.
12:19 of 1st period - Shot by Justin Faulk.
12:19 of 1st period - Shot Blocked by Victor Hedman.
12:21 of 1st period - Shot by Julien Gauthier.
12:21 of 1st period - Shot Misses the Net.
12:28 of 1st period - Icing by Alex Pietrangelo.
12:29 of 1st period - Jake DeBrusk wins face-off versus Seth Jarvis in Flyers zone.
13:45 of 1st period - Icing by Rudolfs Balcers.
13:46 of 1st period - Eric Staal wins face-off versus Aliaksei Protas in Penguins zone.
13:52 of 1st period - Icing by Matt Roy.
13:53 of 1st period - Logan O'Connor wins face-off versus Eetu Luostarinen in Penguins zone.
15:28 of 1st period - Shot by Mika Zibanejad.
15:28 of 1st period - Shot Blocked by Justin Faulk.
16:01 of 1st period - Shot by William Nylander.
16:01 of 1st period - Shot Misses the Net.
16:03 of 1st period - Shot by Robert Thomas.
16:03 of 1st period - Goal by Robert Thomas - Flyers : 1 - Penguins : 0.
16:04 of 1st period - Aliaksei Protas wins face-off versus Calle Jarnkrok in neutral zone.
16:39 of 1st period - Icing by Alex Pietrangelo.
16:40 of 1st period - Calle Jarnkrok wins face-off versus Seth Jarvis in Flyers zone.
16:40 of 1st period - Calle Jarnkrok is hit by Phil Kessel.
16:43 of 1st period - Icing by Victor Hedman.
16:44 of 1st period - Calle Jarnkrok wins face-off versus Seth Jarvis in Flyers zone.
18:11 of 1st period - Justin Faulk is hit by Jared McCann and loses puck.
18:19 of 1st period - Icing by Cole Caufield.
18:20 of 1st period - Nick Suzuki wins face-off versus Robert Thomas in Penguins zone.
18:20 of 1st period - Nick Suzuki is hit by William Nylander.
18:44 of 1st period - Shot by William Nylander.
18:44 of 1st period - Stopped by Thatcher Demko without a rebound.
18:45 of 1st period - Aliaksei Protas wins face-off versus Eetu Luostarinen in Penguins zone.
18:58 of 1st period - Shot by Rudolfs Balcers.
18:58 of 1st period - Shot Misses the Net.
19:19 of 1st period - Minor Penalty to Matt Roy for Hooking.
19:20 of 1st period - Mika Zibanejad wins face-off versus Logan O'Connor in Penguins zone.
19:28 of 1st period - Devon Toews is hit by Johnny Gaudreau and loses puck.
19:46 of 1st period - Kevin Fiala is hit by Victor Hedman and loses puck.
19:51 of 1st period - Shot by Kevin Fiala.
19:51 of 1st period - Stopped by Linus Ullmark with a rebound.
Goals for this period are 1 for Flyers vs 0 for Penguins.
Shots for this period are 6 for Flyers vs 9 for Penguins.

2nd period


0:01 of 2nd period - Mika Zibanejad wins face-off versus Logan O'Connor in neutral zone.
0:16 of 2nd period - Shot by William Nylander.
0:16 of 2nd period - Stopped by Thatcher Demko without a rebound.
0:17 of 2nd period - Logan O'Connor wins face-off versus Robert Thomas in Penguins zone.
0:31 of 2nd period - Shot by Jake DeBrusk.
0:31 of 2nd period - Shot Misses the Net.
0:33 of 2nd period - Shot by Robert Thomas.
0:33 of 2nd period - Shot Misses the Net.
0:35 of 2nd period - Shot by Aaron Ekblad.
0:35 of 2nd period - Stopped by Thatcher Demko without a rebound.
0:36 of 2nd period - Mika Zibanejad wins face-off versus Logan O'Connor in Penguins zone.
0:41 of 2nd period - Shot by Victor Hedman.
0:41 of 2nd period - Shot Blocked by Devon Toews.
1:11 of 2nd period - Shot by Johnny Gaudreau.
1:11 of 2nd period - Shot Blocked by Jeff Petry.
1:46 of 2nd period - Vince Dunn is hit by Oskar Lindblom and loses puck.
2:13 of 2nd period - Shot by Nick Suzuki.
2:13 of 2nd period - Shot Blocked by Aaron Ekblad.
2:15 of 2nd period - Shot by Nick Suzuki.
2:15 of 2nd period - Deflect By Kevin Fiala.
2:15 of 2nd period - Shot Misses the Net.
2:17 of 2nd period - Shot by Cole Caufield.
2:17 of 2nd period - Stopped by Linus Ullmark without a rebound.
2:18 of 2nd period - Aliaksei Protas wins face-off versus Calle Jarnkrok in Flyers zone.
2:18 of 2nd period - Aliaksei Protas is hit by Dante Fabbro.
2:27 of 2nd period - Logan O'Connor is hit by Chris Tanev and loses puck.
2:52 of 2nd period - Icing by Chris Tanev.
2:53 of 2nd period - Kevin Fiala wins face-off versus Calle Jarnkrok in Flyers zone.
3:37 of 2nd period - Minor Penalty to Chris Tanev for Tripping.
3:38 of 2nd period - Mika Zibanejad wins face-off versus Seth Jarvis in Flyers zone.
3:38 of 2nd period - Mika Zibanejad is hit by Seth Jarvis.
4:02 of 2nd period - Shot by Jeff Petry.
4:02 of 2nd period - Shot Misses the Net.
4:04 of 2nd period - Shot by Jeff Petry.
4:04 of 2nd period - Shot Misses the Net.
4:42 of 2nd period - William Nylander is hit by Cole Caufield and loses puck.
4:59 of 2nd period - Shot by Nick Suzuki.
4:59 of 2nd period - Stopped by Linus Ullmark without a rebound.
5:00 of 2nd period - Robert Thomas wins face-off versus Seth Jarvis in Flyers zone.
5:08 of 2nd period - Off-side.
5:09 of 2nd period - Nick Suzuki wins face-off versus Robert Thomas in neutral zone.
5:34 of 2nd period - Shot by Justin Faulk.
5:34 of 2nd period - Stopped by Linus Ullmark with a rebound.
6:03 of 2nd period - Calle Jarnkrok is hit by Matt Roy and loses puck.
6:11 of 2nd period - Minor Penalty to Henri Jokiharju for Hooking.
6:12 of 2nd period - Mika Zibanejad wins face-off versus Logan O'Connor in Penguins zone.
6:31 of 2nd period - Shot by Jared McCann.
6:31 of 2nd period - Shot Misses the Net.
6:51 of 2nd period - Shot by Jared McCann.
6:51 of 2nd period - Stopped by Thatcher Demko without a rebound.
6:52 of 2nd period - Robert Thomas wins face-off versus Seth Jarvis in Penguins zone.
6:55 of 2nd period - Shot by Joel Farabee.
6:55 of 2nd period - Stopped by Thatcher Demko without a rebound.
6:56 of 2nd period - Robert Thomas wins face-off versus Seth Jarvis in Penguins zone.
7:00 of 2nd period - Joel Farabee is hit by Devon Toews and loses puck.
8:21 of 2nd period - Shot by Oskar Lindblom.
8:21 of 2nd period - Deflect By Phil Kessel.
8:21 of 2nd period - Shot Misses the Net.
8:44 of 2nd period - Shot by Sam Lafferty.
8:44 of 2nd period - Shot Misses the Net.
9:01 of 2nd period - Icing by Matt Roy.
9:02 of 2nd period - Mika Zibanejad wins face-off versus Seth Jarvis in Penguins zone.
9:03 of 2nd period - Shot by Johnny Gaudreau.
9:03 of 2nd period - Stopped by Thatcher Demko without a rebound.
9:04 of 2nd period - Nick Suzuki wins face-off versus Mika Zibanejad in Penguins zone.
9:12 of 2nd period - Kevin Fiala is hit by Alex Pietrangelo and loses puck.
9:21 of 2nd period - Shot by Nick Suzuki.
9:21 of 2nd period - Stopped by Linus Ullmark without a rebound.
9:22 of 2nd period - Aliaksei Protas wins face-off versus Robert Thomas in Flyers zone.
10:28 of 2nd period - Icing by Logan O'Connor.
10:29 of 2nd period - Aliaksei Protas wins face-off versus Brandon Tanev in Penguins zone.
10:54 of 2nd period - Shot by Cole Caufield.
10:54 of 2nd period - Shot Misses the Net.
11:42 of 2nd period - Shot by Phil Kessel.
11:42 of 2nd period - Shot Misses the Net.
11:44 of 2nd period - Shot by Oskar Lindblom.
11:44 of 2nd period - Stopped by Linus Ullmark without a rebound.
11:45 of 2nd period - Seth Jarvis wins face-off versus Mika Zibanejad in Flyers zone.
13:28 of 2nd period - Icing by Vince Dunn.
13:29 of 2nd period - Aliaksei Protas wins face-off versus Robert Thomas in Flyers zone.
13:34 of 2nd period - Shot by Logan O'Connor.
13:34 of 2nd period - Stopped by Linus Ullmark without a rebound.
13:35 of 2nd period - Aliaksei Protas wins face-off versus Eetu Luostarinen in Flyers zone.
13:43 of 2nd period - Rudolfs Balcers is hit by Chris Tanev and loses puck.
13:47 of 2nd period - Icing by Eetu Luostarinen.
13:48 of 2nd period - Eetu Luostarinen wins face-off versus Seth Jarvis in Flyers zone.
14:25 of 2nd period - Icing by Oskar Lindblom.
14:26 of 2nd period - Robert Thomas wins face-off versus Seth Jarvis in Penguins zone.
14:26 of 2nd period - Victor Hedman is hit by Henri Jokiharju and loses puck.
14:55 of 2nd period - Oskar Lindblom is hit by William Nylander and loses puck.
16:51 of 2nd period - Minor Penalty to Aliaksei Protas for Roughing.
16:52 of 2nd period - Robert Thomas wins face-off versus Logan O'Connor in Penguins zone.
17:02 of 2nd period - Off-side.
17:03 of 2nd period - Logan O'Connor wins face-off versus Mika Zibanejad in neutral zone.
17:30 of 2nd period - Shot by Jared McCann.
17:30 of 2nd period - Stopped by Thatcher Demko without a rebound.
17:31 of 2nd period - Robert Thomas wins face-off versus Seth Jarvis in Penguins zone.
18:13 of 2nd period - Shot by Victor Hedman.
18:13 of 2nd period - Goal by Victor Hedman - Flyers : 2 - Penguins : 0.
18:14 of 2nd period - Seth Jarvis wins face-off versus Calle Jarnkrok in neutral zone.
18:21 of 2nd period - Aaron Ekblad is hit by Matt Roy and loses puck.
18:30 of 2nd period - Shot by Eric Staal.
18:30 of 2nd period - Deflect By Calle Jarnkrok.
18:30 of 2nd period - Shot Blocked by Matt Roy.
19:18 of 2nd period - Shot by Johnny Gaudreau.
19:18 of 2nd period - Stopped by Thatcher Demko without a rebound.
19:19 of 2nd period - Robert Thomas wins face-off versus Nick Suzuki in Penguins zone.
19:57 of 2nd period - Icing by Victor Hedman.
19:58 of 2nd period - Robert Thomas wins face-off versus Aliaksei Protas in Flyers zone.
Goals for this period are 1 for Flyers vs 0 for Penguins.
Shots for this period are 8 for Flyers vs 6 for Penguins.

3rd period


0:01 of 3rd period - Mika Zibanejad wins face-off versus Nick Suzuki in neutral zone.
0:26 of 3rd period - Shot by Johnny Gaudreau.
0:26 of 3rd period - Stopped by Thatcher Demko with a rebound.
0:32 of 3rd period - Shot by Johnny Gaudreau.
0:32 of 3rd period - Deflect By Jared McCann.
0:32 of 3rd period - Stopped by Thatcher Demko without a rebound.
0:33 of 3rd period - Seth Jarvis wins face-off versus Robert Thomas in Penguins zone.
0:43 of 3rd period - William Nylander is hit by Oskar Lindblom and loses puck.
0:56 of 3rd period - Phil Kessel is hit by Jake DeBrusk and loses puck.
1:17 of 3rd period - Shot by William Nylander.
1:17 of 3rd period - Stopped by Thatcher Demko without a rebound.
1:18 of 3rd period - Mika Zibanejad wins face-off versus Nick Suzuki in Penguins zone.
1:59 of 3rd period - Icing by Justin Faulk.
2:00 of 3rd period - Eetu Luostarinen wins face-off versus Nick Suzuki in Penguins zone.
3:14 of 3rd period - Aliaksei Protas is hit by Aaron Ekblad and loses puck.
3:42 of 3rd period - Off-side.
3:43 of 3rd period - Mika Zibanejad wins face-off versus Rem Pitlick in neutral zone.
4:13 of 3rd period - Icing by Julien Gauthier.
4:14 of 3rd period - Joel Farabee wins face-off versus Rem Pitlick in Penguins zone.
4:21 of 3rd period - Devon Toews is hit by Brandon Tanev and loses puck.
4:32 of 3rd period - Shot by Joel Farabee.
4:32 of 3rd period - Stopped by Thatcher Demko without a rebound.
4:33 of 3rd period - Aliaksei Protas wins face-off versus Robert Thomas in Penguins zone.
4:44 of 3rd period - Shot by Logan O'Connor.
4:44 of 3rd period - Shot Misses the Net.
4:54 of 3rd period - Shot by Logan O'Connor.
4:54 of 3rd period - Stopped by Linus Ullmark without a rebound.
4:55 of 3rd period - Jared McCann wins face-off versus Seth Jarvis in Flyers zone.
5:11 of 3rd period - Icing by Henri Jokiharju.
5:12 of 3rd period - Robert Thomas wins face-off versus Seth Jarvis in Penguins zone.
5:12 of 3rd period - William Nylander is hit by Matt Roy and loses puck.
5:25 of 3rd period - Victor Hedman is hit by Matt Roy and loses puck.
5:40 of 3rd period - Shot by Seth Jarvis.
5:40 of 3rd period - Stopped by Linus Ullmark without a rebound.
5:41 of 3rd period - Mika Zibanejad wins face-off versus Nick Suzuki in Flyers zone.
5:49 of 3rd period - Shot by Jared McCann.
5:49 of 3rd period - Shot Misses the Net.
6:08 of 3rd period - Icing by Cole Caufield.
6:09 of 3rd period - Nick Suzuki wins face-off versus Robert Thomas in Penguins zone.
6:52 of 3rd period - Off-side.
6:53 of 3rd period - Rudolfs Balcers wins face-off versus Mika Zibanejad in neutral zone.
7:01 of 3rd period - Icing by Aaron Ekblad.
7:02 of 3rd period - Mika Zibanejad wins face-off versus Seth Jarvis in Flyers zone.
7:02 of 3rd period - Mika Zibanejad is hit by Oskar Lindblom.
7:03 of 3rd period - Minor Penalty to Oskar Lindblom for Roughing.
7:04 of 3rd period - Logan O'Connor wins face-off versus Mika Zibanejad in Penguins zone.
7:04 of 3rd period - Devon Toews is hit by Jared McCann and loses puck.
7:19 of 3rd period - Shot by Aaron Ekblad.
7:19 of 3rd period - Stopped by Thatcher Demko without a rebound.
7:20 of 3rd period - Robert Thomas wins face-off versus Logan O'Connor in Penguins zone.
7:33 of 3rd period - Shot by Victor Hedman.
7:33 of 3rd period - Stopped by Thatcher Demko without a rebound.
7:34 of 3rd period - Mika Zibanejad wins face-off versus Logan O'Connor in Penguins zone.
7:35 of 3rd period - Shot by Aaron Ekblad.
7:35 of 3rd period - Stopped by Thatcher Demko without a rebound.
7:36 of 3rd period - Mika Zibanejad wins face-off versus Logan O'Connor in Penguins zone.
7:41 of 3rd period - Shot by Johnny Gaudreau.
7:41 of 3rd period - Stopped by Thatcher Demko with a rebound.
7:48 of 3rd period - Icing by William Nylander.
7:49 of 3rd period - Mika Zibanejad wins face-off versus Logan O'Connor in Flyers zone.
8:15 of 3rd period - Shot by William Nylander.
8:15 of 3rd period - Stopped by Thatcher Demko with a rebound.
8:23 of 3rd period - Shot by Victor Hedman.
8:23 of 3rd period - Shot Misses the Net.
8:25 of 3rd period - Shot by Johnny Gaudreau.
8:25 of 3rd period - Shot Blocked by Jeff Petry.
8:27 of 3rd period - Shot by Jared McCann.
8:27 of 3rd period - Stopped by Thatcher Demko without a rebound.
8:28 of 3rd period - Logan O'Connor wins face-off versus Jake DeBrusk in Penguins zone.
8:57 of 3rd period - Icing by Aaron Ekblad.
8:58 of 3rd period - Robert Thomas wins face-off versus Seth Jarvis in Flyers zone.
9:02 of 3rd period - Off-side.
9:03 of 3rd period - Mika Zibanejad wins face-off versus Seth Jarvis in neutral zone.
9:03 of 3rd period - Mika Zibanejad is hit by Oskar Lindblom.
9:41 of 3rd period - Shot by Phil Kessel.
9:41 of 3rd period - Stopped by Linus Ullmark with a rebound.
10:04 of 3rd period - Off-side.
10:05 of 3rd period - Robert Thomas wins face-off versus Rudolfs Balcers in neutral zone.
10:42 of 3rd period - Shot by Aliaksei Protas.
10:42 of 3rd period - Stopped by Linus Ullmark without a rebound.
10:43 of 3rd period - Nick Suzuki wins face-off versus Eetu Luostarinen in Flyers zone.
11:50 of 3rd period - Shot by Mika Zibanejad.
11:50 of 3rd period - Stopped by Thatcher Demko with a rebound.
12:55 of 3rd period - Icing by Phil Kessel.
12:56 of 3rd period - Sam Lafferty wins face-off versus Phil Kessel in Penguins zone.
13:32 of 3rd period - Shot by Henri Jokiharju.
13:32 of 3rd period - Shot Misses the Net.
13:34 of 3rd period - Shot by Aliaksei Protas.
13:34 of 3rd period - Stopped by Linus Ullmark without a rebound.
13:35 of 3rd period - Robert Thomas wins face-off versus Rem Pitlick in Flyers zone.
13:35 of 3rd period - Robert Thomas is hit by Julien Gauthier.
13:41 of 3rd period - Henri Jokiharju is hit by Jake DeBrusk and loses puck.
13:54 of 3rd period - Shot by Rem Pitlick.
13:54 of 3rd period - Shot Misses the Net.
13:58 of 3rd period - Shot by Kevin Fiala.
13:58 of 3rd period - Stopped by Linus Ullmark without a rebound.
13:59 of 3rd period - Mika Zibanejad wins face-off versus Logan O'Connor in Flyers zone.
13:59 of 3rd period - Mika Zibanejad is hit by Aliaksei Protas.
14:04 of 3rd period - Alex Pietrangelo is hit by Justin Faulk and loses puck.
14:09 of 3rd period - Shot by Johnny Gaudreau.
14:09 of 3rd period - Shot Misses the Net.
14:11 of 3rd period - Shot by Johnny Gaudreau.
14:11 of 3rd period - Shot Misses the Net.
14:16 of 3rd period - Icing by Justin Faulk.
14:17 of 3rd period - Aliaksei Protas wins face-off versus Robert Thomas in Penguins zone.
14:44 of 3rd period - Shot by Jake DeBrusk.
14:44 of 3rd period - Stopped by Thatcher Demko without a rebound.
14:45 of 3rd period - Oskar Lindblom wins face-off versus Mika Zibanejad in Penguins zone.
15:21 of 3rd period - Phil Kessel is hit by Victor Hedman and loses puck.
15:25 of 3rd period - Icing by Alex Pietrangelo.
15:26 of 3rd period - Mika Zibanejad wins face-off versus Nick Suzuki in Flyers zone.
15:52 of 3rd period - Off-side.
15:53 of 3rd period - Robert Thomas wins face-off versus Aliaksei Protas in neutral zone.
16:23 of 3rd period - Icing by Aaron Ekblad.
16:24 of 3rd period - Nick Suzuki wins face-off versus Robert Thomas in Flyers zone.
16:39 of 3rd period - Icing by Justin Faulk.
16:40 of 3rd period - Mika Zibanejad wins face-off versus Nick Suzuki in Penguins zone.
17:01 of 3rd period - Cole Caufield is hit by Johnny Gaudreau and loses puck.
17:18 of 3rd period - Shot by Johnny Gaudreau.
17:18 of 3rd period - Shot Misses the Net.
17:20 of 3rd period - Shot by Victor Hedman.
17:20 of 3rd period - Stopped by Thatcher Demko without a rebound.
17:21 of 3rd period - Robert Thomas wins face-off versus Seth Jarvis in Penguins zone.
17:32 of 3rd period - Shot by Jeff Petry.
17:32 of 3rd period - Shot Blocked by Vince Dunn.
17:34 of 3rd period - Shot by Oskar Lindblom.
17:34 of 3rd period - Shot Blocked by Aaron Ekblad.
17:47 of 3rd period - Icing by Jeff Petry.
17:48 of 3rd period - Eetu Luostarinen wins face-off versus Seth Jarvis in Penguins zone.
18:56 of 3rd period - Shot by Julien Gauthier.
18:56 of 3rd period - Deflect By Rem Pitlick.
18:56 of 3rd period - Shot Misses the Net.
18:58 of 3rd period - Shot by Devon Toews.
18:58 of 3rd period - Shot Misses the Net.
19:00 of 3rd period - Shot by Devon Toews.
19:00 of 3rd period - Shot Blocked by Alex Pietrangelo.
19:02 of 3rd period - Shot by Justin Faulk.
19:02 of 3rd period - Shot Blocked by Victor Hedman.
19:14 of 3rd period - Johnny Gaudreau is hit by Logan O'Connor and loses puck.
19:25 of 3rd period - Shot by Rudolfs Balcers.
19:25 of 3rd period - Stopped by Linus Ullmark without a rebound.
19:26 of 3rd period - Robert Thomas wins face-off versus Nick Suzuki in Flyers zone.
19:56 of 3rd period - Icing by Aaron Ekblad.
19:57 of 3rd period - Rudolfs Balcers wins face-off versus William Nylander in Flyers zone.
Goals for this period are 0 for Flyers vs 0 for Penguins.
Shots for this period are 13 for Flyers vs 7 for Penguins.